 Dungeon Crawl Stone Soup version 0.26.1-2-gb8aa6d0cf2 (webtiles) character file.

Game seed: 17467089494704871768

105 skwiii the Digger (level 4, -10/24 HPs)
             Began as a Gargoyle Earth Elementalist on Feb 25, 2021.
             Killed from afar by a kobold (18 damage)
             ... with an iceblast
             ... on level 3 of the Dungeon.
             The game lasted 00:05:48 (3683 turns).

skwiii the Digger (Gargoyle Earth Elementalist)     Turns: 3683, Time: 00:05:48

Health: -10/24     AC:  5    Str: 12    XL:     4   Next: 81%
Magic:  9/9        EV: 12    Int: 16    God:
Gold:   124        SH:  0    Dex: 10    Spells: 8/9 levels left

rFire    . . .     SeeInvis .   (no weapon)
rCold    . . .     Faith    .   (no shield)
rNeg     + . .     Spirit   .   c - +0 robe
rPois    ∞         Reflect  .   (no helmet)
rElec    +         Harm     .   (no cloak)
rCorr    .         Rampage  .   (no gloves)
Will     .....                  (no boots)
Stlth    ++........             (no amulet)
HPRegen  0.08/turn              (no ring)
MPRegen  0.11/turn              (no ring)

@: no status effects
A: negative energy resistance 1, electricity resistance, unbreathing,
petrification resistance, miasma immunity, AC +3
a: no special abilities


You were on level 3 of the Dungeon.
You visited 1 branch of the dungeon, and saw 3 of its levels.

You collected 124 gold pieces.

Inventory:

Hand Weapons
 m - a +0 dagger
 n - a +0 hunting sling
Missiles
 b - 8 stones
Armour
 c - a +0 robe (worn)
Scrolls
 a - 2 scrolls of identify
 h - a scroll of teleportation
 i - a scroll of noise
 j - a scroll of blinking
 k - 2 scrolls of enchant weapon
 l - a scroll of remove curse
 o - a scroll of fog {unknown}
Potions
 d - a potion of magic
 f - 2 potions of attraction
 g - a potion of mutation
 p - a potion of might {unknown}


   Skills:
 - Level 1.5 Dodging
 - Level 2.1 Stealth
 * Level 3.4 Spellcasting
 + Level 1.8 Transmutations
 + Level 4.4 Earth Magic


You had 8 spell levels left.
You knew the following spells:

 Your Spells              Type           Power        Failure   Level
a - Sandblast             Erth           34%          2%          1

Your spell library contained the following spells:

 Spells                   Type           Power        Failure   Level
 Passwall                 Tmut/Erth      10%          8%          2
 Stone Arrow              Conj/Erth      18%          22%         3
 Petrify                  Tmut/Erth      12%          43%         4
 Lee's Rapid Deconstruct  Erth           8%           61%         5


Dungeon Overview and Level Annotations

Branches:
Dungeon (3/15)

Altars:
Zin


Innate Abilities, Weirdness & Mutations

You are resistant to torment.
Your stone body is resilient. (AC +3)
You are immune to poison.
You resist negative energy. (rN+)
You are resistant to electric shocks. (rElec)
You can survive without breathing.
You are immune to petrification.
You are immune to miasma.


Message History

The kobold throws a stone.
The kobold zaps a wand.
The mass of ice explodes!
You hear an angry hiss.
There is an open door here.
You close the door.
You flicker for a moment.
Something unseen opens the door.
You flicker back into view.
The kobold throws a stone.
The stone hits you but does no damage.
You see here a stone.
Your magical contamination has completely faded away.
You see here 2 sling bullets.
You see here 2 sling bullets.
You see here 3 sling bullets.
There is an escape hatch in the floor here.
There is an open door here.
There is an open door here.
The kobold zaps a wand.
The mass of ice explodes!
The iceblast engulfs you!!
Ouch! That really hurt!
You die...

#....# #.##.# #.##.#
#.##># #######K#####
#...........#
#..)........#
#.........K.#############
#...........'...@......<#
#...........#############
#.........^.#
#...........#
#...........#
#...........#
#...........#
#...........#
#############


You could see a kobold.

Vanquished Creatures
  6 adders
  An ooze (D:1)
  2 worms
  2 dart slugs (D:1)
  A leopard gecko (D:2)
  A ball python (D:1)
  3 giant cockroaches
  3 goblins
  2 hobgoblins
  A quokka (D:3)
  5 bats (D:2)
  5 frilled lizards
  6 kobolds
  5 rats
43 creatures vanquished.

Vanquished Creatures (others)
  A bat (D:3)
1 creature vanquished.

Grand Total: 44 creatures vanquished

Notes
Turn   | Place    | Note
-------+----------+-------------------------------------------
     0 | D:1      | skwiii the Gargoyle Earth Elementalist began the quest for
                  | the Orb.
     0 | D:1      | Reached XP level 1. HP: 10/10 MP: 3/3
   775 | D:1      | Reached skill level 1 in Transmutations
   940 | D:1      | Reached XP level 2. HP: 15/15 MP: 1/5
  1688 | D:2      | Reached skill level 4 in Earth Magic
  1688 | D:2      | Reached XP level 3. HP: 19/19 MP: 2/7
  2413 | D:2      | Reached XP level 4. HP: 24/24 MP: 5/8
  2618 | D:2      | Found a glowing silver altar of Zin.
  2618 | D:2      | Noticed an angel
  3596 | D:3      | HP: 1/24 [kobold/iceblast (23)]
  3683 | D:3      | Killed from afar by a kobold

Illustrated notes

Levels and vault maps discovered:
D:1:      erik_arrival_triangle_small, layout_loops_ring,
          minmay_misc_feat_secret_circle
D:2:      layout_loops_ring, zin_angel, serial_glass, glass_columns_b,
          glass_columns_a
D:3:      layout_basic, nicolae_overflow_crystal_walls,
          lemuel_zombie_altar_yredelemnul

Skill      XL: |  1  2  3 |
---------------+----------+-----
Transmutations | 1 |  1.8
Earth Magic    | 4 |  4.4
Spellcasting   | 3 |  3.4
Dodging        | |  1.5
Stealth        | |  2.1

Action                   |  1- 3 |  4- 6 || total
-------------------------+-------+-------++-------
Melee: Unarmed           |     4 |     4 ||     8
 Cast: Sandblast         |    33 |    32 ||    65
  Use: Scroll            |       |     8 ||     8
       Potion            |       |     1 ||     1
Armor: Robe              |     3 |     7 ||    10
Dodge: Dodged            |     9 |    22 ||    31
